 Dungeon Crawl Stone Soup version 0.20-a0-1050-g57248f3 (webtiles) character file.

59812 Alarkh the Carver (level 14, -4/111 HPs)
             Began as a Demonspawn Fighter on Apr 25, 2017.
             Was the Champion of Okawaru.
             Slain by an orc warrior
             ... wielding a +0 halberd
              (19 damage)
             ... while paralysed by an orc sorcerer
             ... on level 2 of the Orcish Mines.
             The game lasted 00:44:25 (29728 turns).

Alarkh the Carver (Demonspawn Fighter)             Turns: 29728, Time: 00:44:25

Health: -4/111     AC: 16    Str: 17    XL:     14   Next: 54%
Magic:  0/20       EV:  2    Int: 15    God:    Okawaru [******]
Gold:   1178       SH:  0    Dex: 10    Spells: 11/13 levels left

rFire    . . .     SeeInvis +   a - +4 scimitar (flame)
rCold    . . .     Gourm    .   c - +0 shield
rNeg     + . .     Faith    .   o - +0 troll leather armour
rPois    .         Spirit   +   V - +0 helmet "Ukhlon" {rN+}
rElec    +         Reflect  .   g - +0 cloak
rCorr    .         Harm     .   j - +2 pair of gloves
MR       +....                  Y - +1 pair of boots {run}
Stlth    ++++......             O - amulet of guardian spirit
Regen    0.7/turn               y - +5 ring of evasion
MPRegen  0.2/turn               S - ring of Wujaifur {rElec Dex-2 SInv} (curse)

@: paralysed, heroism, quick
A: hooves 1, large bone plates 2, mutation resistance 1, nightstalker 2, sense
surroundings 1, powered by death 1
a: Heroism, Finesse, Renounce Religion


You were on level 2 of the Orcish Mines.
You worshipped Okawaru.
Okawaru was exalted by your worship.
You were not hungry.

You visited 4 branches of the dungeon, and saw 20 of its levels.
You also visited: Labyrinth and Sewer.

You collected 1574 gold pieces.
You spent 396 gold pieces at shops.

Inventory:

Hand Weapons
 a - a +4 scimitar of flaming (weapon)
Armour
 c - a +0 shield (worn)
 g - a +0 cloak (worn)
 j - a +2 pair of gloves (worn)
 o - a +0 troll leather armour (worn)
 G - a +2 leather armour of fire resistance
 V - the +0 helmet "Ukhlon" (worn) {rN+}
   (Okawaru gifted it to you on level 6 of the Lair of Beasts)

   It protects you from negative energy.
 Y - a +1 pair of boots of running (worn)
Jewellery
 i - an uncursed ring of protection from cold
 y - a +5 ring of evasion (left hand)
 F - an uncursed ring of resist corrosion
 O - an amulet of guardian spirit (around neck)
 S - the cursed ring of Wujaifur (right hand) {rElec Dex-2 SInv}
   (You found it on level 5 of the Dungeon)

   [ring of dexterity]

   It affects your dexterity (-2).
   It insulates you from electricity.
   It lets you see invisible.
   It has a curse placed upon it.
Wands
 d - a wand of paralysis (12/24)
 I - a wand of digging (17/24)
Scrolls
 e - a scroll of identify
 k - 10 scrolls of remove curse
 n - 4 scrolls of teleportation
 q - 6 scrolls of magic mapping
 r - 4 scrolls of blinking
 s - 9 scrolls of fear
 t - 4 scrolls of fog
 w - 3 scrolls of recharging
 D - 2 scrolls of summoning {unknown}
 J - a scroll of brand weapon
Potions
 h - 9 potions of curing
 l - 2 potions of resistance
 p - 3 potions of haste
 x - a potion of ambrosia
 L - a potion of flight
 P - a potion of heal wounds
 U - a potion of agility
 Z - 2 potions of might
Miscellaneous
 B - a phantom mirror
Comestibles
 b - 8 chunks of flesh
 f - 6 bread rations
 m - a meat ration


   Skills:
 + Level 10.7(15.7) Fighting
 * Level 13.3(18.3) Long Blades
 + Level 9.9(14.9) Armour
 + Level 9.3(14.3) Dodging
 + Level 10.1(15.1) Shields
 - Level 9.0 Invocations


You had 11 spell levels left.
You knew the following spells:

 Your Spells              Type           Power        Failure   Level  Hunger
b - Blink                 Tloc           N/A          41%         2    ###....


Dungeon Overview and Level Annotations

Branches:
Dungeon (11/15)            Temple (1/1) D:7            Lair (6/6) D:8
 Shoals (0/4) Lair:2        Snake (0/4) Lair:4        Slime (0/5) Lair:6
    Orc (2/2) D:11
    Elf: Orc:2

Altars:
Ashenzari
Cheibriados
Dithmenos
Elyvilon
Fedhas
Gozag
Hepliaklqana
Kikubaaqudgha
Makhleb
Nemelex Xobeh
Okawaru
Qazlal
Ru
Sif Muna
Trog
Uskayaw
Vehumet
Wu Jian
Xom
Yredelemnul
Zin
The Shining One

Shops:
D:5 ?   D:8 [}%:[   D:10 ((*(   D:11 :((


Innate Abilities, Weirdness & Mutations

You have large cloven feet.
You are mostly covered in large bone plates. (SH +6)
You are significantly more attuned to the shadows.
You regenerate a little health from kills.
You are somewhat resistant to further mutation.
You passively map a small area around you.


Message History

The orc warrior hits you with an uncursed glaive.
The orc priest hits you but does no damage.
A warg comes into view.
The orc warrior hits you from afar with a halberd!
The orc sorcerer gestures at you while chanting.
The orc high priest utters an invocation to Beogh.
The orc hits you.
The orc priest hits you but does no damage.
The orc high priest hits you with a glaive of protection!
* * * LOW HITPOINT WARNING * * *
The orc warrior hits you from afar with a halberd!
* * * LOW HITPOINT WARNING * * *
The orc warrior hits you with an uncursed glaive.
* * * LOW HITPOINT WARNING * * *
The orc sorcerer hits you but does no damage.
The orc hits you but does no damage.
The orc priest hits you but does no damage.
The orc sorcerer hits you but does no damage.
The orc warrior hits you from afar with a halberd!!
You die...

* , , , * , , * ..
.#.###.... ,
,..##...#......* *
, .......(.(....,
, #............. ,
* #...........#.,
#......<[....# ,
##....o@o.....
#....ooo.##.. , ,
, #####hoo## , *
... #...4o#** *
*.$..# ##....##
.....#
###44.#######.#.##
#....##..4o......
, , *
,##..##...o)......
,,#..o.oo##oo##..#


You could see 2 orc high priests, a hellwing, 2 rust devils, a warg, an orc
sorcerer, 2 orc warriors, an orc priest and 2 orcs.

Vanquished Creatures
  Snorg (Lair:4)
  A minotaur (Lab)
  The ghost of Dirtsage the Martial Artist, a journeyman DsFi of Ru (Lair:4)
  A fire dragon (Lair:6)
  7 hydras
  A catoblepas (Lair:5)
  Erica (Lair:1)
  4 two-headed ogres
  A swamp dragon (Lair:6)
  Pikel (D:9)
  A wolf spider (Lair:6)
  An ugly thing (D:10)
  A manticore (D:11)
  A centaur zombie (D:11)
  An elephant (Lair:1)
  3 merfolk sirens (Lair:2)
  A guardian serpent (Lair:6)
  10 black mambas
  14 spiny frogs
  A gargoyle (D:11)
  A centaur skeleton (D:11)
  Joseph (D:8)
  2 komodo dragons
  3 rime drakes
  A merfolk (Lair:2)
  4 trolls
  A polar bear (Lair:6)
  3 hornets (Lair:6)
  Grinder (D:6)
  Prince Ribbit (D:5)
  14 blink frogs
  13 dream sheep
  9 hippogriffs
  Sigmund (D:4)
  2 redbacks (Lair:6)
  9 wyverns
  26 yaks
  Eustachio (D:4)
  3 steam dragons (Lair:6)
  7 basilisks
  8 nagas (Lair:4)
  2 wargs (Orc:1)
  2 acid dragons
  28 water moccasins
  5 porcupines
  20 orc warriors
  A sky beast (D:7)
  4 ice beasts
  4 black bears
  An eye of draining (D:11)
  2 slaves (D:9)
  A necrophage (D:7)
  15 centaurs
  20 wolves
  4 phantoms
  14 ogres
  20 crocodiles
  6 big kobolds
  14 bullfrogs
  3 gnoll sergeants (D:11)
  A wyvern zombie (D:11)
  A wyvern skeleton (D:11)
  6 scorpions
  22 killer bees
  5 wights (D:11)
  5 electric eels
  6 howler monkeys
  5 crimson imps
  3 bullfrog zombies (D:11)
  2 jellies
  A quasit (D:7)
  4 hounds
  8 orc priests
  3 bullfrog skeletons
  A gnoll shaman (D:8)
  Terence (D:3)
  9 iguanas
  14 orc wizards
  Natasha (thrice) (D:4)
  7 worker ants
  A hound zombie (D:6)
  2 hound skeletons (D:11)
  A howler monkey zombie (D:5)
  3 worker ant zombies
  9 gnolls
  15 adders
  2 river rats (Sewer)
  A shadow imp (D:8)
  5 oozes
  2 dart slugs
  8 leopard geckos
  55 orcs
  9 ball pythons (Sewer)
  8 bats
  6 giant cockroaches
  8 goblins
  5 hobgoblins
  11 jackals
  6 quokkas
  6 frilled lizards
  A jackal skeleton (D:5)
  19 kobolds
  31 rats
651 creatures vanquished.

Vanquished Creatures (others)
  A blink frog (Lair:6)
  A crocodile (Lair:6)
  An orc (Orc:2)
  A jackal (D:8)
  31 fungi
  37 plants
72 creatures vanquished.

Grand Total: 723 creatures vanquished

Notes
Turn   | Place    | Note
-------+----------+-------------------------------------------
     0 | D:1      | Alarkh the Demonspawn Fighter began the quest for the Orb.
     0 | D:1      | Reached XP level 1. HP: 18/18 MP: 1/1
    80 | D:1      | Reached skill level 2 in Long Blades
    86 | D:1      | Gained mutation: You are slightly more attuned to the shadows. [demonic ancestry]
    86 | D:1      | Reached XP level 2. HP: 21/24 MP: 2/2
   554 | D:1      | Gained mutation: You are partially covered in large bone plates. (SH +4) [demonic ancestry]
   554 | D:1      | Reached XP level 3. HP: 29/29 MP: 3/3
   769 | D:1      | Reached skill level 1 in Dodging
  1135 | D:2      | Found an opulent altar of Gozag.
  1525 | D:2      | You fall through a shaft for 2 floors!
  1525 | D:4      | Noticed Natasha
  1530 | D:4      | Killed Natasha
  1530 | D:4      | Reached XP level 4. HP: 34/35 MP: 4/4
  1580 | D:4      | Noticed an ogre
  1590 | D:4      | Killed an ogre
  1590 | D:4      | Reached skill level 3 in Long Blades
  1590 | D:4      | Reached XP level 5. HP: 8/41 MP: 5/5
  1949 | D:4      | Noticed Natasha
  1959 | D:4      | Killed Natasha
  2168 | D:3      | Found a glowing drain.
  2173 | Sewer    | Entered a sewer
  2658 | Sewer    | Reached XP level 6. HP: 33/48 MP: 6/6
  2676 | Sewer    | Reached skill level 4 in Long Blades
  3529 | D:3      | Noticed Terence
  3540 | D:3      | Killed Terence
  3593 | D:3      | Noticed an ice beast
  3613 | D:3      | Killed an ice beast
  3613 | D:3      | Reached XP level 7. HP: 50/54 MP: 7/7
  3757 | D:3      | Found a basalt altar of Yredelemnul.
  3760 | D:3      | Noticed a profane servitor
  3771 | D:3      | Found a glowing golden altar of the Shining One.
  3774 | D:3      | Noticed an angel
  4490 | D:4      | Noticed Natasha
  4496 | D:4      | Killed Natasha
  4608 | D:4      | Noticed Sigmund
  4611 | D:4      | Noticed Eustachio
  4615 | D:4      | Killed Sigmund
  4617 | D:4      | Killed Eustachio
  4617 | D:4      | Reached skill level 5 in Long Blades
  4792 | D:4      | Reached XP level 8. HP: 59/61 MP: 8/8
  4887 | D:5      | Entered Level 5 of the Dungeon
  4904 | D:5      | Got a warped silver ring
  4910 | D:5      | Identified the cursed ring of Wujaifur {rElec Dex-2 SInv} (You found it on level 5 of the Dungeon)
  5204 | D:5      | Reached skill level 5 in Fighting
  5205 | D:5      | Found Nawup's Magic Scroll Shoppe.
  5337 | D:5      | Bought a scroll of fear for 42 gold pieces
  5337 | D:5      | Bought a scroll of blinking for 90 gold pieces
  5337 | D:5      | Bought a scroll of teleportation for 36 gold pieces
  5337 | D:5      | Bought a scroll of teleportation for 36 gold pieces
  5337 | D:5      | Bought a scroll of teleportation for 36 gold pieces
  5337 | D:5      | Bought a scroll of teleportation for 36 gold pieces
  5377 | D:5      | You fall through a shaft!
  5432 | D:6      | Noticed Prince Ribbit
  6498 | D:5      | Reached skill level 5 in Armour
  6576 | D:6      | Noticed Grinder
  6642 | D:6      | Reached skill level 6 in Long Blades
  6642 | D:6      | Reached skill level 5 in Shields
  7232 | D:5      | Killed Prince Ribbit
  7232 | D:5      | Gained mutation: You are significantly more attuned to the shadows. [demonic ancestry]
  7232 | D:5      | Reached XP level 9. HP: 45/69 MP: 9/9
  7348 | D:6      | Paralysed by Grinder for 2 turns
  7361 | D:6      | Killed Grinder
  7585 | D:6      | Found a sparkling altar of Nemelex Xobeh.
  7983 | D:6      | Found a stormy altar of Qazlal.
  8189 | D:6      | Found a deep blue altar of Sif Muna.
  8339 | D:7      | Found a staircase to the Ecumenical Temple.
  8578 | Temple   | Entered the Ecumenical Temple
  8789 | Temple   | Became a worshipper of Warmaster Okawaru
  9144 | D:7      | Found a sparkling altar of Nemelex Xobeh.
  9145 | D:7      | Found an opulent altar of Gozag.
  9164 | D:7      | Reached skill level 7 in Long Blades
  9301 | D:7      | Reached * piety under Okawaru
  9564 | D:7      | Reached skill level 5 in Dodging
  9606 | D:7      | Gained mutation: You passively map a small area around you. [mutagenic meat]
  9607 | D:7      | Gained mutation: You are somewhat resistant to further mutation. [mutagenic meat]
  9883 | D:8      | Noticed Joseph
  9890 | D:8      | Killed Joseph
  9890 | D:8      | Gained mutation: You have large cloven feet. [demonic ancestry]
  9890 | D:8      | Reached XP level 10. HP: 64/77 MP: 10/10
 10566 | D:8      | Reached ** piety under Okawaru
 10731 | D:8      | Found Hunigoj's Book Boutique.
 10741 | D:8      | Found Hachiuw's Food Boutique.
 10816 | D:8      | Found Paopsuk's Armour Shop.
 11023 | D:8      | Reached skill level 8 in Long Blades
 11478 | D:8      | Found a staircase to the Lair.
 11480 | D:8      | Found Felas's Armour Shop.
 11682 | D:8      | Found Hyph's Gadget Emporium.
 11762 | D:8      | Found a glowing silver altar of Zin.
 11762 | D:8      | Found a bloodstained altar of Trog.
 11888 | D:9      | Noticed a two-headed ogre
 11902 | D:9      | Killed a two-headed ogre
 12480 | D:9      | Noticed Pikel
 12540 | D:9      | Killed Pikel
 13128 | D:10     | Entered Level 10 of the Dungeon
 13404 | D:10     | Reached skill level 1 in Invocations
 13636 | D:10     | Reached skill level 9 in Long Blades
 13644 | D:10     | Got an ichor-stained falchion
 13645 | D:10     | Identified the +10 falchion of Reiminti {flame, rElec rC+ rN+ Str-4} (You found it on level 10 of the Dungeon)
 13768 | D:10     | Found Qeskufoige's Assorted Antiques.
 13788 | D:10     | Noticed a red ugly thing
 13788 | D:10     | Reached *** piety under Okawaru
 14090 | D:10     | Bought a scroll labeled USICLOCHYIMPE for 30 gold pieces
 14090 | D:10     | Bought a scroll labeled XENTEUFIURR for 30 gold pieces
 14090 | D:10     | Bought a scroll of identify for 60 gold pieces
 14116 | D:10     | Noticed a two-headed ogre
 14134 | D:10     | Killed a two-headed ogre
 14134 | D:10     | Reached **** piety under Okawaru
 14134 | D:10     | Reached XP level 11. HP: 33/85 MP: 4/13
 14152 | D:10     | Found Xowing's Antique Weapon Shop.
 14722 | D:10     | Killed a red ugly thing
 14961 | D:10     | Noticed a two-headed ogre
 14969 | D:10     | Killed a two-headed ogre
 15193 | D:10     | Found Jusudump's Weapon Boutique.
 15210 | D:10     | Found Zitaom's Weapon Shop.
 15465 | Lair:1   | Entered Level 1 of the Lair of Beasts
 15612 | Lair:1   | Noticed Erica
 15624 | Lair:1   | Killed Erica
 15624 | Lair:1   | Reached ***** piety under Okawaru
 16184 | Lair:1   | Reached skill level 10 in Long Blades
 16208 | Lair:1   | Received a gift from Okawaru
 16789 | Lair:1   | Reached skill level 5 in Invocations
 17420 | Lair:2   | Reached XP level 12. HP: 32/94 MP: 6/15
 17809 | Lair:2   | Found a staircase to the Shoals.
 20079 | Lair:4   | Received a gift from Okawaru
 20080 | Lair:4   | Got a creamy pearl robe {god gift}
 20091 | Lair:4   | Identified the +1 robe of Lilacs {+Blink} (Okawaru gifted it to you on level 4 of the Lair of Beasts)
 20123 | Lair:4   | Noticed Dirtsage's ghost (journeyman DsFi)
 20145 | Lair:4   | Killed Dirtsage's ghost
 20515 | Lair:4   | Reached skill level 11 in Long Blades
 20612 | Lair:4   | Found a staircase to the Snake Pit.
 20728 | Lair:4   | Noticed Snorg
 20738 | Lair:4   | Killed Snorg
 21154 | Lair:5   | Noticed a four-headed hydra
 21162 | Lair:5   | Killed a one-headed hydra
 21336 | Lair:5   | Found a labyrinth entrance.
 21343 | Lab      | Entered a labyrinth
 21706 | Lab      | Noticed a minotaur
 21722 | Lab      | Killed a minotaur
 21734 | Lab      | Identified the Incunabulum of Displacement
 21752 | Lab      | Identified a +1 pair of boots of running (You found it in a labyrinth)
 22110 | Lair:5   | Gained mutation: You regenerate a little health from kills. [demonic ancestry]
 22110 | Lair:5   | Reached XP level 13. HP: 101/101 MP: 18/18
 22739 | Lair:6   | Entered Level 6 of the Lair of Beasts
 23242 | Lair:6   | Received a gift from Okawaru
 23242 | Lair:6   | Reached skill level 10 in Fighting
 23391 | Lair:6   | Found a staircase to the Slime Pits.
 23487 | Lair:6   | Reached ****** piety under Okawaru
 23487 | Lair:6   | Reached skill level 12 in Long Blades
 24097 | Lair:6   | Received a gift from Okawaru
 24104 | Lair:6   | Got a heavily runed helmet {god gift}
 24115 | Lair:6   | Identified the +0 helmet "Ukhlon" {rN+} (Okawaru gifted it to you on level 6 of the Lair of Beasts)
 24712 | Lair:6   | Paralysed by a hornet for 3 turns
 25364 | Lair:6   | Learned a level 2 spell: Blink
 25606 | Lair:6   | Gained mutation: You are mostly covered in large bone plates. (SH +6) [demonic ancestry]
 25606 | Lair:6   | Reached XP level 14. HP: 108/110 MP: 20/20
 27831 | D:11     | Found Doleov's Antique Weapon Shoppe.
 27943 | D:11     | Found Apopeori's Weapon Emporium.
 27990 | D:11     | Reached skill level 13 in Long Blades
 28113 | D:11     | Reached skill level 10 in Shields
 28423 | D:11     | Found a staircase to the Orcish Mines.
 28746 | D:11     | Found Gahec's Book Shop.
 28989 | Orc:1    | Entered Level 1 of the Orcish Mines
 29308 | Orc:2    | Entered Level 2 of the Orcish Mines
 29723 | Orc:2    | Paralysed by an orc sorcerer for 5 turns
 29728 | Orc:2    | Slain by an orc warrior

Vault maps used:
D:1:      dpeg_arrival_erosion, minmay_close_crescents
D:2:      first_bread, lemuel_tele_altar
D:3:      grunt_temple_overflow_holy_war, gup_sewer_entry_bowl, uniq_terence
D:4:      serial_forest, infiniplex_forest_clump_small,
          infiniplex_forest_straight_2, infiniplex_forest_clump_diagonal,
          infiniplex_forest_straight_3, uniq_eustachio, uniq_sigmund,
          uniq_natasha
D:5:      black_bear_nest_2, serial_shops, nicolae_shop_window_shopping
D:6:      tgw_sif, nicolae_qazlal_style_of_elements, nemelex_dance_club_becter,
          uniq_prince_ribbit1, uniq_grinder
D:7:      grunt_temple_overflow_opulence, minmay_temple_entry_enclosed_plants
D:8:      gammafunk_temple_overflow_elements, lair_entry_dummy, serial_shops,
          shop, shop_coins, shop, nicolae_shop_crystal, kennysheep_mini_moat,
          uniq_joseph
D:9:      uniq_pikel
D:10:     serial_shops, shop_statue, shop_fountains, shop, kennysheep_mini,
          special_room, moated_statue, blue_anna_alchemist
D:11:     kennysheep_orc_monster_closet_entryway, serial_shops, shop,
          nicolae_shop_competitors_out_of_business, shop, st_stairs_3
Temple:   eino_temple_water
Lair:1:   serial_bayou_shore_b, wad_woods_river_01, uniq_erica
Lair:2:   elwin_shoals_entry_stream
Lair:3:   serial_bayou_lagoon_b, infiniplex_staircase_pool_2
Lair:4:   minmay_snake_entry_guardpost_large, gammafunk_lair_bear_cave,
          uniq_snorg
Lair:5:   lab_entry_generic
Lair:6:   guppyfry_lair_end_dragon, hangedman_lair_tendril_chambers,
          dpeg_slime_entry_corner, serial_bayou_lake_a
Orc:2:    st_orc_rangers
Lab:      nicolae_lab_dead_adventurers
Sewer:    sewer_minmay_w

Skill      XL: |  1  2  3  4  5  6  7  8  9 10 11 12 13 14 |
---------------+-------------------------------------------+-----
Long Blades    | 2 3 4 5 6 7 9 10 11 12 13 | 13.3
Shields        | 3 4 5 6 7 8 9 10 | 10.1
Dodging        | 1 2 3 4 5 6 7 8 9 |  9.3
Armour         | 3 4 5 6 7 8 9 |  9.9
Fighting       | 4 5 6 7 8 9 10 | 10.7
Invocations    | 2 5 7 9 |  9.0

Action                   |  1- 3 |  4- 6 |  7- 9 | 10-12 | 13-15 || total
-------------------------+-------+-------+-------+-------+-------++-------
Melee: Long sword        |   115 |   304 |   636 |   464 |       ||  1519
       Kick              |       |       |       |   268 |       ||   268
       Falchion          |       |       |       |   205 |       ||   205
       Scimitar          |       |       |       |   510 |  1019 ||  1529
Invok: Heroism           |       |       |       |    11 |    16 ||    27
       Finesse           |       |       |       |     1 |       ||     1
Evoke: Wand              |       |       |     5 |     3 |       ||     8
  Use: Scroll            |     4 |     1 |     4 |    17 |     7 ||    33
       Potion            |       |     2 |     4 |     7 |     3 ||    16
 Stab: Sleeping          |       |       |     9 |    21 |     7 ||    37
       Invisible         |       |       |       |     1 |       ||     1
       Distracted        |       |       |       |     1 |     2 ||     3
  Eat: Chunk             |     2 |     8 |    22 |    41 |    23 ||    96
       Fruit             |       |       |     1 |       |       ||     1
       Royal jelly       |       |       |       |       |     1 ||     1
Armor: Scale mail        |    52 |   180 |    28 |       |       ||   260
       Leather armour    |       |       |   147 |   212 |   169 ||   528
       Skin              |       |       |    28 |    37 |       ||    65
       Troll leather arm |       |       |       |       |    18 ||    18
Dodge: Dodged            |    28 |   106 |   184 |   605 |   582 ||  1505
Block: Shield            |    71 |   271 |   476 |   910 |   868 ||  2596
       Rpst.: Long sword |    12 |    31 |    65 |    57 |       ||   165
       Falchion          |       |       |       |    24 |       ||    24
       Scimitar          |       |       |       |    80 |   143 ||   223
